 Dungeon Crawl Stone Soup version 0.25-a0-663-gace7076 (webtiles) character file.

Game seed: 17827564759027630868, levelgen mode: deterministic

5053 robertstho the Carver (level 10, 0/82 HPs)
             Began as a Minotaur Monk on Mar 24, 2020.
             Was an Elder of Hepliaklqana.
             Slain by a cyclops (23 damage)
             ... on level 8 of the Dungeon.
             The game lasted 00:09:40 (5152 turns).

robertstho the Carver (Minotaur Monk)               Turns: 5152, Time: 00:09:41

Health: 0/82       AC: 13    Str: 19    XL:     10   Next: 31%
Magic:  13/13      EV: 10    Int:  7    God:    Hepliaklqana [****..]
Gold:   357        SH:  0    Dex: 13    Spells: 9/9 levels left

rFire    + . .     SeeInvis .   w - +0 great sword
rCold    + . .     Gourm    .   (shield currently unavailable)
rNeg     . . .     Faith    .   r - +0 chain mail {MR+}
rPois    .         Spirit   .   (helmet restricted)
rElec    .         Reflect  .   (no cloak)
rCorr    .         Harm     .   n - +0 pair of gloves
MR       +....                  x - +0 pair of boots
Stlth    ..........             (no amulet)
HPRegen  0.23/turn              h - ring of protection from cold
MPRegen  0.13/turn              m - ring of protection from fire

@: hasted, very quick
A: retaliatory headbutt, reduced essence, horns 2
a: Recall Ancestor, Ancestor Identity, Transference, Idealise, Renounce Religion


You were on level 8 of the Dungeon.
You worshipped Hepliaklqana.
Hepliaklqana was greatly pleased with you.
You were not hungry.

You visited 1 branch of the dungeon, and saw 8 of its levels.

You collected 519 gold pieces.
You spent 162 gold pieces at shops.

Inventory:

Hand Weapons
 a - the +11 plutonium sword {*Contam Stlth-}
   (You found it on level 6 of the Dungeon)

   It causes magical contamination when unequipped.
   It makes you less stealthy.
 w - a +0 great sword (weapon)
 A - a +1 vorpal long sword
Missiles
 b - 5 boomerangs of dispersal (quivered)
Armour
 n - a +0 pair of gloves (worn)
 r - a +0 chain mail of magic resistance (worn)
 x - a +0 pair of boots (worn)
Jewellery
 h - a ring of protection from cold (left hand)
 m - a ring of protection from fire (right hand)
Wands
 i - a wand of acid (9)
 D - a wand of scattershot (5)
Scrolls
 k - 6 scrolls of enchant armour
 l - a scroll of blinking {unknown}
 p - 2 scrolls of teleportation
 q - 2 scrolls of amnesia {unknown}
 t - 2 scrolls of identify
 v - 3 scrolls of enchant weapon
 y - a scroll of fog
 C - a scroll of noise {unknown}
Potions
 d - 4 potions of curing
 e - 2 potions of flight
 f - 2 potions of might {unknown}
 o - 2 potions of cancellation {unknown}
 s - a potion of lignification
 u - a potion of magic
 z - a potion of ambrosia
Comestibles
 c - 13 rations
 B - 10 chunks of flesh


   Skills:
 * Level 9.6 Fighting
 + Level 11.0 Long Blades
 * Level 8.3 Armour
 + Level 5.5 Dodging
 - Level 1.9 Stealth
 * Level 5.5 Invocations


You had 9 spell levels left.
You didn't know any spells.
Your spell library contained the following spells:

 Spells                   Type           Power        Failure   Level  Hunger
 Confusing Touch          Hex            #.......     100%        3    ####...
 Gell's Gravitas          Tloc           #.........   100%        3    ####...
 Leda's Liquefaction      Hex/Erth       #.........   100%        4    #####..
 Petrify                  Tmut/Erth      #.......     100%        4    #####..
 Bolt of Magma            Conj/Fire/Erth #.........   100%        5    ######.
 Metabolic Englaciation   Hex/Ice        #.........   100%        5    ######.
 Yara's Violent Unravell  Hex/Tmut       #.........   100%        5    ######.
 Iron Shot                Conj/Erth      #.........   100%        6    #######
 Statue Form              Tmut/Erth      #........    100%        6    #######
 Shatter                  Erth           #.........   100%        9    #######


Dungeon Overview and Level Annotations

Branches:
Dungeon (8/15)             Temple (0/1) D:5
   Lair: D:8-11

Altars:
Hepliaklqana
Okawaru
Trog

Shops:
D:5 (   D:8 (


Innate Abilities, Weirdness & Mutations

You reflexively headbutt those who attack you in melee.
You have a pair of horns on your head.
Your life essence is reduced to manifest your ancestor. (-10% HP)


Message History

The shadow strikes at you from the darkness!
* * * LOW HITPOINT WARNING * * *
Reactivating autopickup.
You slash the shadow!
You destroy the shadow!
Your Long Blades skill increases to level 11!
The cyclops hits you but does no damage.
Found a phantom mirror, a twisted runed staff and a heavily runed scale mail.
Things that are here:
a +0 flail; a +0 dagger of venom; a +0 robe The cyclops barely misses you.
Things that are here:
a +0 flail; a +0 dagger of venom; a +0 robe You hit the cyclops.
You headbutt the cyclops, but do no damage.
The cyclops is lightly wounded.
You slice the cyclops!! Your headbutt misses the cyclops.
The cyclops is severely wounded.
The cyclops hits you!!
You die...

#⌠..)⌠#.#.#.#.#.#.#[#...#.....###
###'#####.#.#.#.#####†###.....#
#.....###[#.#.#.###..#..##....#
..#....####.#.####..#.#..##...#
.##..#..#########..#...#..##..#
###..##..#.....#..#..#..#..#..#
..)#.###.#.[.).#.#..#)#÷.#.#..#
..###....#.|.}.C#..#.(.#..##..#
##)#R....# .#@#..#.#..#.#..#
##.)###..# #R†#..#..#R.#..#
.#†÷##..## ##).#...#..##..#
....#..## #####..#.#..##...###
#.....# ###..###..#..##.......
###'### ##..##.########........
#.....# #.#####.#..## #........
#.###.## #.#R.##÷#...###........
#.....'## ##(##.##'#...#R........


You could see the friendly Xochipepe the hexer and a cyclops.

Vanquished Creatures
  Pikel (D:8)
  A gargoyle (D:8)
  A hippogriff (D:7)
  A shadow (D:8)
  A vampire mosquito (D:8)
  An acid dragon (D:8)
  A water moccasin (D:8)
  2 black bears
  An orc warrior (D:8)
  3 ogres
  3 centaurs
  2 big kobolds
  3 bullfrogs
  2 howler monkeys
  2 wights (D:6)
  An electric eel (D:6)
  3 crimson imps
  6 hounds
  2 jellies
  A bullfrog skeleton (D:8)
  A centaur skeleton (D:8)
  An orc priest (D:6)
  3 orc wizards
  A gnoll shaman (D:7)
  3 iguanas
  4 worker ants
  7 gnolls (D:7)
  8 adders
  2 shadow imps
  5 oozes
  An adder skeleton (D:5)
  5 worms
  2 dart slugs
  4 leopard geckos
  13 orcs
  A ball python (D:5)
  3 giant cockroaches
  2 goblins
  7 hobgoblins
  7 jackals
  3 quokkas
  3 bats
  3 frilled lizards
  2 jackal skeletons (D:4)
  12 kobolds
  A rat (D:2)
142 creatures vanquished.

Vanquished Creatures (collateral kills)
  A deep elf mage (D:8)
  A hippogriff (D:8)
  Sigmund (D:5)
  An orc warrior (D:8)
  A slave (D:8)
  An ice beast (D:8)
  A sky beast (D:8)
  2 bullfrogs
  2 wights (D:6)
  A centaur zombie (D:8)
  A bullfrog skeleton (D:8)
  An orc priest (D:8)
  An iguana (D:8)
  An orc wizard (D:8)
  A worker ant (D:5)
  3 adders
  A worm (D:5)
  An orc (D:8)
  A giant cockroach (D:7)
23 creatures vanquished.

Vanquished Creatures (others)
  A hexer (D:7)
1 creature vanquished.

Grand Total: 166 creatures vanquished

Notes
Turn   | Place    | Note
-------+----------+-------------------------------------------
     0 | D:1      | robertstho the Minotaur Monk began the quest for the Orb.
     0 | D:1      | Reached XP level 1. HP: 19/19 MP: 0/0
    86 | D:1      | Reached skill level 1 in Armour
    86 | D:1      | Reached XP level 2. HP: 25/27 MP: 1/1
   783 | D:2      | Reached XP level 3. HP: 18/33 MP: 2/2
   789 | D:2      | Reached skill level 4 in Long Blades
  1297 | D:3      | Reached XP level 4. HP: 41/41 MP: 3/3
  1617 | D:3      | Found an iron altar of Okawaru.
  1683 | D:3      | Found a hazy altar of Hepliaklqana.
  1961 | D:3      | Became a worshipper of Hepliaklqana the Forgotten
  1961 | D:3      | Reached * piety under Hepliaklqana
  1961 | D:3      | Reached ** piety under Hepliaklqana
  1962 | D:3      | Remembered your ancestor Xochipepe as a hexer
  1987 | D:4      | Reached XP level 5. HP: 42/42 MP: 4/4
  2161 | D:4      | Reached skill level 5 in Long Blades
  2197 | D:4      | Reached skill level 1 in Invocations
  2204 | D:4      | Noticed an ogre
  2211 | D:4      | Killed an ogre
  2211 | D:4      | Reached skill level 5 in Fighting
  2211 | D:4      | Reached XP level 6. HP: 24/50 MP: 5/5
  2432 | D:5      | Entered Level 5 of the Dungeon
  2433 | D:5      | Found a staircase to the Ecumenical Temple.
  2537 | D:5      | Noticed Sigmund
  2545 | D:5      | Killed Sigmund
  2545 | D:5      | Reached skill level 6 in Long Blades
  2545 | D:5      | Reached XP level 7. HP: 34/54 MP: 7/7
  2768 | D:5      | Reached skill level 5 in Armour
  2886 | D:5      | Found Pinecs's Antique Weapon Boutique.
  2889 | D:5      | Bought a glowing long sword for 162 gold pieces
  3021 | D:6      | Found a bloodstained altar of Trog.
  3050 | D:6      | Reached skill level 7 in Long Blades
  3095 | D:6      | Reached *** piety under Hepliaklqana
  3116 | D:6      | Reached XP level 8. HP: 39/63 MP: 9/9
  3142 | D:6      | Found the +11 plutonium sword {*Contam Stlth-}
  3807 | D:7      | Reached skill level 8 in Long Blades
  3910 | D:7      | Noticed a hippogriff
  3919 | D:7      | Killed a hippogriff
  4166 | D:7      | Reached XP level 9. HP: 47/71 MP: 10/10
  4270 | D:8      | Found Deosan's Weapon Boutique.
  4526 | D:8      | Reached skill level 5 in Dodging
  4534 | D:8      | Reached skill level 9 in Long Blades
  4697 | D:8      | Noticed Pikel
  4719 | D:8      | Killed Pikel
  4812 | D:8      | Reached **** piety under Hepliaklqana
  4832 | D:8      | Reached skill level 10 in Long Blades
  5004 | D:8      | Reached skill level 5 in Invocations
  5050 | D:8      | Reached XP level 10. HP: 62/81 MP: 12/12
  5121 | D:8      | Noticed a gargoyle
  5122 | D:8      | Noticed a cyclops
  5128 | D:8      | Noticed a deep elf mage
  5134 | D:8      | Killed a deep elf mage
  5141 | D:8      | Killed a gargoyle
  5147 | D:8      | Reached skill level 11 in Long Blades
  5152 | D:8      | Slain by a cyclops

Levels and vault maps discovered:
D:1:      co_arrival_square_in_a_square_in_a_square, layout_basic,
          chequers_serial_rivers_micro_c, chequers_serial_rivers_large_a
D:2:      kennysheep_big_flooded_room, layout_basic
D:3:      layout_basic, lemuel_crystal_altar, okawaru_metal_pillars_1_2
D:4:      layout_rooms
D:5:      layout_basic, minmay_temple_entry_offerings, first_ration,
          serial_shops, kennysheep_mini, corexii_item_surrounded_by_moat,
          uniq_sigmund
D:6:      layout_rooms, lightli_temple_of_fire, kennysheep_cluttered_room,
          minivault_24
D:7:      minmay_razor_zed, layout_gridville
D:8:      minmay_the_grid_octo_tiled_squarecenter
          [minmay_the_grid_octo_pinwheel, minmay_the_grid_octo_teeth,
          minmay_the_grid_octo_thin_diamonds, minmay_the_grid_octo_fan_narrow,
          minmay_the_grid_square_5x5_megaprize_open,
          minmay_the_grid_square_5x5_two, minmay_the_grid_square_5x5_shrine2,
          minmay_the_grid_square_5x5_eight, minmay_the_grid_square_5x5_slash],
          layout_gridville, serial_shops, shop, uniq_pikel

Skill      XL: |  1  2  3  4  5  6  7  8  9 10 |
---------------+-------------------------------+-----
Armour         | 1 2 3 4 5 6 7 8 |  8.3
Fighting       | 4 5 6 7 9 |  9.6
Long Blades    | 4 5 6 7 8 10 11 | 11.0
Invocations    | 1 2 3 5 |  5.5
Dodging        | 4 5 |  5.5
Stealth        | |  1.9

Action                   |  1- 3 |  4- 6 |  7- 9 | 10-12 || total
-------------------------+-------+-------+-------+-------++-------
Melee: Falchion          |    53 |    70 |       |       ||   123
       Headbutt          |    10 |    22 |    53 |     9 ||    94
       Great sword       |       |    10 |   225 |    32 ||   267
Invok: Ancestor Life: He |       |     1 |       |       ||     1
  Use: Scroll            |     3 |       |     9 |       ||    12
       Potion            |       |       |       |     4 ||     4
 Stab: Distracted        |       |       |     2 |       ||     2
       Confused          |       |       |     1 |       ||     1
  Eat: Chunk             |     1 |     4 |     9 |       ||    14
Armor: Robe              |     9 |       |       |       ||     9
       Ring mail         |       |    18 |    65 |       ||    83
       Chain mail        |       |       |    61 |    16 ||    77
Dodge: Dodged            |    52 |    49 |   166 |    13 ||   280
       Rpst.: Falchion   |    12 |    12 |       |       ||    24
       Great sword       |       |     2 |    43 |     2 ||    47

Table legend:
 A = Non-vault XP
 B = Vault XP
 C = Vault XP percentage of total XP
 D = Non-vault monster count
 E = Vault monster count
 F = Vault count percentage of total count
                 A         B        C        D         E       F
            +---------+---------+-------+---------+---------+-------
      Total |    3825 |    3394 |  47.0 |     137 |      27 |  16.5
            +---------+---------+-------+---------+---------+-------
        D:1 |      31 |       0 |   0.0 |      13 |       0 |   0.0
        D:2 |      25 |       6 |  19.4 |      10 |       2 |  16.7
        D:3 |     119 |       0 |   0.0 |      22 |       0 |   0.0
        D:4 |     249 |       0 |   0.0 |      12 |       0 |   0.0
        D:5 |     615 |     212 |  25.6 |      16 |       1 |   5.9
        D:6 |     650 |       0 |   0.0 |      18 |       0 |   0.0
        D:7 |     854 |     110 |  11.4 |      22 |       2 |   8.3
        D:8 |    1282 |    3066 |  70.5 |      24 |      22 |  47.8
            +---------+---------+-------+---------+---------+-------
